 Dungeon Crawl Stone Soup version 0.26.1-2-gb8aa6d0cf2 (webtiles) character file.

Game seed: 14549811158901183953

421 septik the Chopper (level 6, -3/56 HPs)
             Began as a Hill Orc Fighter on Mar 30, 2021.
             Was an Initiate of Gozag.
             Slain by Sassenached's ghost (4 damage)
             ... on level 4 of the Dungeon.
             The game lasted 00:09:54 (3634 turns).

septik the Chopper (Hill Orc Fighter)               Turns: 3634, Time: 00:09:55

Health: -3/56      AC: 12    Str: 21    XL:     6   Next: 94%
Magic:  6/6        EV:  7    Int:  8    God:    Gozag
Gold:   405        SH:  9    Dex: 10    Spells: 5/5 levels left

rFire    . . .     SeeInvis +   a - +0 war axe
rCold    . . .     Faith    .   c - +0 kite shield
rNeg     . . .     Spirit   .   b - +0 scale mail
rPois    .         Reflect  .   v - +1 helmet
rElec    .         Harm     .   (no cloak)
rCorr    .         Rampage  .   n - +2 pair of gloves
Will     .....                  (no boots)
Stlth    ..........             (no amulet)
HPRegen  0.18/turn              p - ring of see invisible
MPRegen  0.10/turn              (no ring)

@: no status effects
A: no striking features
a: Renounce Religion, Potion Petition, Call Merchant, Bribe Branch


You were on level 4 of the Dungeon.
You worshipped Gozag.
Gozag was aware of your devotion.
You visited 1 branch of the dungeon, and saw 4 of its levels.

You collected 455 gold pieces.
You paid 50 gold pieces to Gozag.

Inventory:

Hand Weapons
 a - a +0 war axe (weapon)
 y - a +1 hunting sling of flaming
Missiles
 f - 25 bolts
 h - 89 stones (quivered)
 q - 19 sling bullets
Armour
 b - a +0 scale mail (worn)
 c - a +0 kite shield (worn)
 k - a +0 tower shield
 n - a +2 pair of gloves (worn)
 v - a +1 helmet (worn)
Jewellery
 p - a ring of see invisible (left hand)
 s - an uncursed amulet of faith {unknown}
Wands
 t - a wand of random effects (16)
Scrolls
 d - a scroll of amnesia {unknown}
 e - 2 scrolls of teleportation {unknown}
 j - 2 scrolls of enchant weapon {unknown}
 l - 3 scrolls of identify {unknown}
 m - a scroll of magic mapping {unknown}
 o - a scroll of enchant armour {unknown}
 r - a scroll of remove curse {unknown}
 w - a scroll of fear {unknown}
 x - a scroll of noise {unknown}
Potions
 g - 5 potions of curing {unknown}
 i - 2 potions of degeneration {unknown}
 u - a potion of flight {unknown}
 z - 2 potions of resistance {unknown}
 A - a potion of magic {unknown}


   Skills:
 + Level 5.0 Fighting
 * Level 6.3 Axes
 + Level 4.8 Armour
 + Level 4.6 Shields


You had 5 spell levels left.
You didn't know any spells.
Your spell library was empty.

Dungeon Overview and Level Annotations

Branches:
Dungeon (4/15)
 Temple: D:4-7

Altars:
Gozag
Trog
Uskayaw

Annotations:
D:3 1 runed translucent door, Ladykiller69's ghost, amateur OgHu
D:4 Sassenached's ghost, novice DrWn


Message History

Sassenached's ghost is heavily damaged.
You block Sassenached's ghost's attack.
You slash Sassenached's ghost!
Sassenached's ghost is severely damaged.
Sassenached's ghost hits you.
* * * LOW HITPOINT WARNING * * *
You hit Sassenached's ghost.
Sassenached's ghost is severely damaged.
Sassenached's ghost hits you.
* * * LOW HITPOINT WARNING * * *
Sassenached's ghost hits you!
* * * LOW HITPOINT WARNING * * *
You hit Sassenached's ghost but do no damage.
Sassenached's ghost is severely damaged.
Sassenached's ghost barely misses you.
You barely miss Sassenached's ghost.
Sassenached's ghost is severely damaged.
Sassenached's ghost hits you.
You die...
Your body crumbles into a pile of gold.

#..# $
##.#### $
#....# $
##.#.#
#...#
#...#
#...#
#$#.##
###@#..#
#.$.W..#
#......##
#.......#
#.....#.#
##.####.#
$ #.# .
#.# . ..#
..


You could see Sassenached's ghost.

Vanquished Creatures
  Menkaure (D:4)
  An orc wizard (D:2)
  A hound (D:4)
  Ijyb (D:3)
  A worker ant (D:4)
  Robin (D:3)
  8 adders
  2 river rats (D:4)
  2 worms
  A dart slug (D:1)
  2 leopard geckos (D:1)
  3 orcs
  A giant cockroach (D:1)
  12 goblins
  14 hobgoblins
  13 jackals
  12 kobolds
  A quokka (D:2)
  A ball python (D:2)
  12 bats
  6 frilled lizards
  6 rats
102 creatures vanquished.

Notes
Turn   | Place    | Note
-------+----------+-------------------------------------------
     0 | D:1      | septik the Hill Orc Fighter began the quest for the Orb.
     0 | D:1      | Reached XP level 1. HP: 19/19 MP: 1/1
   101 | D:1      | Reached skill level 3 in Axes
   102 | D:1      | Reached XP level 2. HP: 27/27 MP: 2/2
   244 | D:1      | Reached XP level 3. HP: 31/33 MP: 3/3
   982 | D:2      | Reached skill level 4 in Axes
  1048 | D:2      | Reached XP level 4. HP: 40/40 MP: 4/4
  1374 | D:2      | Found a hide-covered altar of Uskayaw.
  1703 | D:2      | Reached XP level 5. HP: 43/47 MP: 5/5
  1949 | D:2      | Found a bloodstained altar of Trog.
  1970 | D:2      | Found an opulent altar of Gozag.
  1991 | D:2      | Became a worshipper of Gozag Ym Sagoz the Greedy
  2061 | D:3      | Noticed Ijyb
  2212 | D:3      | Killed Ijyb
  2213 | D:3      | Reached skill level 5 in Axes
  2250 | D:3      | Noticed Robin
  2259 | D:3      | Killed Robin
  2453 | D:3      | Noticed Ladykiller69's ghost (amateur OgHu)
  2454 | D:3      | Found a runed translucent door.
  2637 | D:3      | Reached XP level 6. HP: 48/53 MP: 6/6
  3289 | D:4      | Noticed Menkaure
  3302 | D:4      | Killed Menkaure
  3303 | D:4      | Reached skill level 6 in Axes
  3306 | D:4      | Reached skill level 5 in Fighting
  3544 | D:4      | Found a runed translucent door.
  3546 | D:4      | Noticed Sassenached's ghost (novice DrWn)
  3632 | D:4      | HP: 1/56 [Sassenached's ghost (8)]
  3634 | D:4      | Slain by Sassenached's ghost

Illustrated notes

Levels and vault maps discovered:
D:1:      eino_arrival_tree_alley, layout_basic
D:2:      layout_loops_cross, grunt_temple_overflow_open
D:3:      layout_basic, ebering_ghost_inner_flame, grunt_decor_resistance,
          uniq_ijyb, uniq_robin
D:4:      layout_basic, ebering_ghost_sewer_f, uniq_natasha, uniq_sigmund,
          uniq_blork_the_orc, uniq_menkaure

Skill      XL: |  1  2  3  4  5  6 |
---------------+-------------------+-----
Axes           | 3 4 5 6 |  6.3
Fighting       | 4 5 |  5.0
Armour         | 4 |  4.8
Shields        | 4 |  4.6

Action                   |  1- 3 |  4- 6 || total
-------------------------+-------+-------++-------
Melee: War axe           |   103 |   220 ||   323
Throw: Stone             |       |     1 ||     1
  Use: Potion            |       |     1 ||     1
 Stab: Distracted        |       |     1 ||     1
Armor: Scale mail        |    66 |   120 ||   186
Dodge: Dodged            |    37 |    73 ||   110
Block: Kite shield       |    65 |   121 ||   186
       Tower shield      |       |     5 ||     5
